 Dungeon Crawl Stone Soup version 0.21-a0-344-g2144152 (webtiles) character file.

169128 Hasart the Eclecticist (level 18, -15/105 HPs)
             Began as a Kobold Wizard on Oct 4, 2017.
             Was a High Priest of Sif Muna.
             Killed from afar by a merfolk aquamancer (49 damage)
             ... with a ball of steam
             ... on level 4 of the Shoals.
             The game lasted 03:01:07 (46917 turns).

Hasart the Eclecticist (Kobold Wizard)             Turns: 46917, Time: 03:01:07

Health: -15/105    AC: 14    Str:  7    XL:     18   Next: 59%
Magic:  4/41       EV: 18    Int: 28    God:    Sif Muna [*****.]
Gold:   1026       SH:  9    Dex: 14    Spells: 7/49 levels left

rFire    x . .     SeeInvis .   H - +8 scimitar of Crawling {flame, Str+2}
rCold    + . .     Gourm    .   Q - +3 buckler {reflect}
rNeg     . . .     Faith    .   R - +3 troll leather armour
rPois    +         Spirit   .   b - +0 hat
rElec    .         Reflect  +   n - +0 cloak {rPois}
rCorr    .         Harm     .   O - +2 pair of gloves
MR       +....                  V - +2 pair of boots {run}
Stlth    +.........             o - amulet of magic regeneration
HPRegen  0.67/turn              F - ring of wizardry
MPRegen  0.52/turn              L - ring of ice

@: very slow
A: fangs 1, carnivore 3, clever 1, high mp 1, robust 1
a: Divine Energy, Channel Magic, Forget Spell, Renounce Religion


You were on level 4 of the Shoals.
You worshipped Sif Muna.
Sif Muna was extremely pleased with you.
You were full.

You visited 6 branches of the dungeon, and saw 30 of its levels.
You visited 1 bazaar.
You also visited: Sewer, Ossuary and Ice Cave.

You collected 2559 gold pieces.
You spent 1533 gold pieces at shops.

Inventory:

Hand Weapons
 s - the +11 rapier of the Key {venom, +Rage Int-5 SInv}
   (You found it on level 4 of the Shoals)

   It poisons the flesh of those it strikes.
   It affects your intelligence (-5).
   It lets you see invisible.
   It lets you go berserk.
 H - the +8 scimitar of Crawling (weapon) {flame, Str+2}
   (You took it off an orc warrior on level 2 of the Orcish Mines)

   It has been specially enchanted to burn those struck by it, causing extra
   injury to most foes and up to half again as much damage against particularly
   susceptible opponents.
   Big, fiery blades are also staple armaments of hydra-hunters.
   It affects your strength (+2).
Missiles
 w - 3 throwing nets (quivered)
Armour
 b - a +0 hat (worn)
 n - a +0 cloak of poison resistance (worn)
 O - a +2 pair of gloves (worn)
 Q - a +3 buckler of reflection (worn)
 R - a +3 troll leather armour (worn)
 V - a +2 pair of boots of running (worn)
Magical Staves
 W - an uncursed staff of wizardry
Jewellery
 o - an amulet of magic regeneration (around neck)
 y - an uncursed amulet of regeneration
 C - an uncursed ring of protection from magic
 F - a ring of wizardry (left hand)
 L - a ring of ice (right hand)
 Z - an uncursed ring of fire
Wands
 e - a wand of digging (10/24)
 G - a wand of paralysis (22/24)
 M - a wand of clouds (5/9)
 U - a wand of lightning (9/15)
Scrolls
 c - a scroll of amnesia
 g - 7 scrolls of recharging
 h - 26 scrolls of identify
 j - 15 scrolls of remove curse
 k - 9 scrolls of magic mapping
 l - 3 scrolls of blinking
 u - 9 scrolls of teleportation
 x - a scroll of summoning
 D - 2 scrolls of fear
 N - a scroll of enchant weapon
 P - a scroll of fog
Potions
 m - 8 potions of haste
 p - 4 potions of flight
 q - a potion of ambrosia
 r - 2 potions of heal wounds
 t - 4 potions of lignification
 v - 2 potions of cancellation
 z - 4 potions of magic
 A - 3 potions of mutation
 B - 5 potions of invisibility
 J - 4 potions of brilliance
 T - 3 potions of curing
Books
 i - Sif Muna's Catalogue of Entrancing Translocation
   (Sif Muna gifted it to you on level 13 of the Dungeon)

   Spells                             Type                      Level
   a - Dazzling Spray                 Conjuration/Hexes            3
   b - Spectral Weapon                Hexes/Charms                 3
   c - Lesser Beckoning               Translocation                3
   d - Fulminant Prism                Conjuration/Hexes            4
   e - Force Lance                    Conjuration/Translocation    4
   f - Passage of Golubria            Translocation                4
   g - Yara's Violent Unravelling     Hexes/Transmutation          5
 E - Sif Muna's Guide on Excruciating Weightlessness
   (Sif Muna gifted it to you on level 1 of the Spider Nest)

   Spells                             Type                      Level
   a - Poisonous Vapours              Poison/Air                   2
   b - Stone Arrow                    Conjuration/Earth            3
   c - Airstrike                      Air                          4
   d - Bolt of Draining               Conjuration/Necromancy       5
   e - Orb of Destruction             Conjuration                  7
 S - Sif Muna's Catalogue of Unholy Conjuration
   (Sif Muna gifted it to you on level 1 of the Shoals)

   Spells                             Type                      Level
   a - Searing Ray                    Conjuration                  2
   b - Control Undead                 Necromancy                   4
   c - Irradiate                      Conjuration/Transmutation    5
   d - Bolt of Fire                   Conjuration/Fire             6
   e - Spellforged Servitor           Conjuration/Summoning        7
   f - Lehudib's Crystal Spear        Conjuration/Earth            8
 Y - a book of Ice

   Spells                             Type                      Level
   a - Ice Form                       Ice/Transmutation            4
   b - Metabolic Englaciation         Hexes/Ice                    5
   c - Ozocubu's Refrigeration        Ice                          6
   d - Bolt of Cold                   Conjuration/Ice              6
   e - Freezing Cloud                 Conjuration/Ice/Air          6
   f - Simulacrum                     Ice/Necromancy               6
Miscellaneous
 I - a fan of gales
Comestibles
 a - 3 chunks of flesh
 d - 8 meat rations
 f - 11 royal jellies


   Skills:
 - Level 4.9 Fighting
 - Level 4.1(5.8) Short Blades
 - Level 4.0(4.3) Long Blades
 - Level 2.4 Armour
 - Level 7.3 Dodging
 - Level 2.6 Stealth
 - Level 6.2 Shields
 + Level 16.1 Spellcasting
 + Level 15.8 Conjurations
 - Level 1.9 Summonings
 - Level 6.1 Necromancy
 - Level 1.0 Translocations
 * Level 11.3 Ice Magic
 - Level 11.3 Air Magic
 - Level 2.5 Poison Magic
 - Level 8.0 Invocations


You had 7 spell levels left.
You knew the following spells:

 Your Spells              Type           Power        Failure   Level  Hunger
a - Magic Dart            Conj           ####         0%          1    None
b - Blink                 Tloc           N/A          1%          2    None
c - Summon Ice Beast      Ice/Summ       ######..     1%          4    None
d - Mephitic Cloud        Conj/Pois/Air  ######..     1%          3    None
e - Freezing Cloud        Conj/Ice/Air   #######...   1%          6    ###....
f - Dispel Undead         Necr           ######..     2%          5    None
g - Bolt of Magma         Conj/Fire/Erth ######....   4%          5    None
s - Throw Icicle          Conj/Ice       #######.     1%          4    None
v - Simulacrum            Ice/Necr       #######...   5%          6    ###....
x - Ozocubu's Refrigerat  Ice            #######...   1%          6    ###....


Dungeon Overview and Level Annotations

Branches:
Dungeon (15/15)            Temple (1/1) D:4            Lair (6/6) D:8
 Shoals (4/4) Lair:3       Spider (2/4) Lair:2        Slime (0/5) Lair:6
    Orc (2/2) D:10            Elf (0/3) Orc:2        Vaults (0/5) D:13
 Depths (0/5) D:15

Altars:
Ashenzari
Cheibriados
Dithmenos
Elyvilon
Fedhas
Gozag
Hepliaklqana
Kikubaaqudgha
Makhleb
Nemelex Xobeh
Okawaru
Qazlal
Ru
Sif Muna
Trog
Uskayaw
Vehumet
Wu Jian
Xom
Yredelemnul
Zin
The Shining One
Beogh

Shops:
D:6 *   D:15 }   Orc:2 [:([   Shoals:3 [

Portals:
Hell: Lair:6

Annotations:
D:5 Eustachio
Shoals:4 Ilsuiw


Innate Abilities, Weirdness & Mutations

You are small and have problems with some larger weapons.
You are carnivorous and can eat meat at any time.
You have very sharp teeth.
Your mind is acute. (Int +2)
You have an increased reservoir of magic. (+10% MP)
You are robust. (+10% HP)


Message History

The merfolk aquamancer is engulfed in freezing vapours.
The merfolk aquamancer hits your snapping turtle simulacrum with a rapier!
Your snapping turtle simulacrum vapourises!
You block the merfolk impaler's attack.
The water nymph is engulfed in freezing vapours.
You kill the water nymph!
Sif Muna accepts your kill.
Your snapping turtle simulacrum closely misses the merfolk impaler.
The merfolk impaler is engulfed in freezing vapours.
The merfolk impaler closely misses you.
Unknown command.
You enter the shallow water.
Moving in this stuff is going to be slow.
The merfolk aquamancer is engulfed in freezing vapours.
The merfolk impaler is engulfed in freezing vapours.
Your snapping turtle simulacrum misses the merfolk impaler.
The merfolk aquamancer is engulfed in freezing vapours.
The merfolk aquamancer points at you and mumbles some strange words.
The ball of steam hits you! The steam scalds you terribly!
You die...

≈≈ ≈≈≈≈≈≈≈≈≈≈≈≈≈≈≈
≈≈≈ ≈≈≈≈≈≈≈≈≈≈≈≈≈≈≈≈
≈≈≈
≈≈≈≈≈≈≈≈≈≈≈≈≈≈≈≈≈≈≈≈
≈≈≈
≈≈≈≈≈≈≈≈≈≈≈≈≈≈≈≈≈≈.≈
≈≈
.≈≈.≈≈≈≈≈≈≈≈≈≈≈≈≈.#
#
.≈≈≈≈≈≈≈≈§§§≈≈≈≈..#
# .≈≈≈≈≈≈≈≈§§≈≈≈≈.≈#
# .≈≈≈≈≈≈≈@§§§.≈≈.#
..≈≈≈≈≈≈(§Z.....##
..≈≈≈≈≈.mZ§m.....#
...≈.......m§§...#
H..........§§§§.##
...........§§§§)≈# #
..............§..≈#
## #
##.........≈≈§....#
#≈##
#........≈≈≈≈......
≈≈≈≈


You could see 2 merfolk impalers and 2 friendly snapping turtle simulacra.

Vanquished Creatures
  2 krakens
  Frances (D:14)
  A frost giant (Shoals:4)
  An orc warlord (Orc:2)
  An emperor scorpion (Spider:2)
  A reaper (IceCv)
  5 entropy weavers
  2 dire elephants (Lair:6)
  Josephine (Lair:5)
  2 merfolk javelineers (Shoals:4)
  The ghost of nono the Covert, a journeyman KoCj of Uskayaw (Lair:3)
  Erolcha (Orc:2)
  8 merfolk impalers
  An ogre mage (D:15)
  Harold (Orc:1)
  9 hydras
  6 merfolk aquamancers
  2 merfolk avatars
  A centaur warrior (D:14)
  A catoblepas (Lair:2)
  A death knight (D:12)
  14 two-headed ogres
  2 orc high priests (Orc:2)
  Urug (D:15)
  A deep elf knight (Orc:2)
  The ghost of Goblin1989 the Skirmisher, a novice GnFi of Gozag (D:8)
  A sixfirhy (Lair:6)
  8 sea snakes
  An unseen horror (D:12)
  4 deep elf magi
  3 orc knights
  2 wizards
  A wolf spider zombie (D:12)
  A harpy (shapeshifter) (D:14)
  4 orb spiders
  5 harpies
  4 orc sorcerers
  6 wolf spiders
  4 oklob plants (Lair:3)
  5 cyclopes
  10 fauns
  2 ugly things
  A moth of wrath (Spider:2)
  9 manticores
  An elephant (Lair:6)
  7 water nymphs
  7 merfolk sirens
  6 black mambas
  2 ice statues (IceCv)
  2 orange demons (Lair:6)
  2 naga magi (D:15)
  10 spiny frogs
  A smoke demon (Lair:6)
  2 rime drakes (Lair:6)
  2 demonic crawlers
  9 ice devils (IceCv)
  6 komodo dragons
  A meliai (shapeshifter) (D:13)
  26 merfolk
  3 red devils (Lair:6)
  2 tengu conjurers (D:12)
  17 jumping spiders
  A queen bee (D:8)
  5 wind drakes
  A polar bear (Lair:4)
  4 harpy zombies (Shoals:2)
  7 trolls
  A hornet (D:11)
  4 blink frogs (Lair:4)
  9 dream sheep
  14 snapping turtles
  7 slime creatures
  11 hippogriffs
  A centaur simulacrum (D:14)
  55 redbacks
  9 tarantellas
  12 water elementals
  Sigmund (D:5)
  A vampire (D:10)
  5 wyverns
  4 wraiths (Lair:5)
  3 basilisks
  3 hungry ghosts
  81 yaks
  3 vampire mosquitoes (D:14)
  3 wargs (Orc:2)
  Edmund (D:5)
  2 acid dragons
  15 water moccasins
  14 porcupines
  30 orc warriors
  4 sky beasts
  3 black bears
  3 hell hounds (Lair:6)
  12 ice beasts
  2 necrophages (D:8)
  An eye of draining (D:13)
  17 ogres
  2 phantoms
  5 wolves (Lair:6)
  13 centaurs
  14 crocodiles
  A crocodile (shapeshifter) (D:12)
  3 big kobolds
  9 bullfrogs
  A hippogriff zombie (Shoals:2)
  An elf skeleton (D:7)
  A wyvern zombie (Ossuary)
  4 scorpions
  24 killer bees
  2 wights (D:6)
  5 howler monkeys
  2 vampire bats (D:12)
  An electric eel (Lair:3)
  9 crimson imps
  4 centaur zombies
  Crazy Yiuf (D:2)
  4 bullfrog zombies
  4 jellies
  4 hounds
  2 bullfrog skeletons
  21 orc priests
  3 quasits
  3 centaur skeletons
  33 orc wizards
  6 iguanas
  8 worker ants
  A hound zombie (Ossuary)
  A hound skeleton (D:8)
  13 mummies (Ossuary)
  A howler monkey zombie (Ossuary)
  3 worker ant zombies
  9 adders
  A howler monkey skeleton (D:5)
  4 shadow imps
  5 white imps (IceCv)
  4 ufetubi (IceCv)
  An ooze (D:1)
  An adder skeleton (D:5)
  2 adder zombies (Ossuary)
  2 worms
  A dart slug (D:1)
  6 leopard geckos
  106 orcs
  14 bats
  A bat zombie (Shoals:2)
  9 giant cockroaches
  4 goblins
  8 hobgoblins
  22 jackals
  19 kobolds
  8 quokkas
  5 ball pythons (Sewer)
  5 frilled lizards
  2 giant cockroach zombies (Ossuary)
  4 jackal zombies
  A leopard gecko skeleton (D:8)
  A leopard gecko zombie (Ossuary)
  An orc skeleton (D:7)
  An orc zombie (D:7)
  A quokka zombie (Ossuary)
  8 rats
  A bush (Lair:3)
  6 fungi
  26 plants
  4 tentacles
1096 creatures vanquished.

Vanquished Creatures (collateral kills)
  An orc warlord (Orc:2)
  Snorg (Lair:5)
  2 merfolk impalers
  An alligator snapping turtle (Shoals:3)
  A sea snake (Shoals:4)
  An orc sorcerer (Orc:2)
  A water nymph (Shoals:3)
  A black mamba (Lair:1)
  4 rime drakes
  An ice devil (Lair:6)
  2 merfolk
  A snapping turtle (Shoals:3)
  A porcupine (Lair:5)
  2 elf zombies (D:7)
  A wight (D:6)
  A centaur zombie (Ossuary)
  2 bullfrog zombies (Ossuary)
  An orc priest (Orc:2)
  A human skeleton (D:7)
  2 mummies (Ossuary)
  An adder zombie (Ossuary)
  2 orcs (Orc:2)
  2 fungi
33 creatures vanquished.

Vanquished Creatures (others)
  A cyclops (Shoals:2)
  7 white imps (IceCv)
  4 ufetubi (IceCv)
  18 fungi
  17 plants
  11 tentacles
58 creatures vanquished.

Grand Total: 1187 creatures vanquished

Notes
Turn   | Place    | Note
-------+----------+-------------------------------------------
     0 | D:1      | Hasart the Kobold Wizard began the quest for the Orb.
     0 | D:1      | Reached XP level 1. HP: 10/10 MP: 4/4
   174 | D:1      | Reached XP level 2. HP: 15/15 MP: 1/6
   318 | D:1      | Learned a level 2 spell: Blink
   321 | D:1      | Learned a level 2 spell: Call Imp
   675 | D:1      | Reached XP level 3. HP: 19/19 MP: 6/8
   769 | D:1      | You fall through a shaft!
  1056 | D:2      | Found a white marble altar of Elyvilon.
  1397 | D:2      | Reached XP level 4. HP: 24/24 MP: 6/9
  1410 | D:2      | Learned a level 3 spell: Mephitic Cloud
  1651 | D:2      | Found a runed door.
  1655 | D:2      | Noticed Crazy Yiuf
  1661 | D:2      | Killed Crazy Yiuf
  2118 | D:3      | Reached XP level 5. HP: 27/28 MP: 6/10
  2120 | D:3      | Reached skill level 4 in Spellcasting
  3135 | D:3      | Found a stormy altar of Qazlal.
  3209 | D:3      | Reached skill level 1 in Air Magic
  3209 | D:3      | Reached skill level 1 in Poison Magic
  3241 | D:3      | Reached XP level 6. HP: 19/32 MP: 8/12
  3287 | D:4      | Found an opulent altar of Gozag.
  4070 | D:3      | Reached XP level 7. HP: 17/36 MP: 6/13
  4320 | D:3      | Found a blossoming altar of Fedhas.
  4708 | D:4      | Reached skill level 5 in Conjurations
  4923 | D:4      | Found a staircase to the Ecumenical Temple.
  4930 | Temple   | Entered the Ecumenical Temple
  5135 | Temple   | Became a worshipper of Sif Muna the Loreminder
  5332 | D:5      | Entered Level 5 of the Dungeon
  5357 | D:5      | Reached skill level 5 in Spellcasting
  5357 | D:5      | Reached XP level 8. HP: 42/42 MP: 1/15
  5365 | D:5      | Reached skill level 1 in Fighting
  5386 | D:5      | Reached skill level 1 in Shields
  5473 | D:5      | Noticed Edmund
  5517 | D:5      | Killed Edmund
  6276 | D:5      | Reached XP level 9. HP: 49/49 MP: 15/17
  6303 | D:5      | Noticed Sigmund
  6311 | D:5      | Killed Sigmund
  6337 | D:5      | Noticed Eustachio
  6338 | D:5      | Reached * piety under Sif Muna
  6527 | D:6      | Found a glowing drain.
  6600 | Sewer    | Entered a sewer
  7323 | D:6      | Reached skill level 6 in Spellcasting
  7551 | D:6      | Noticed a troll
  7669 | D:6      | Killed a troll
  7744 | D:6      | Found Hirghuroi's General Store.
  7771 | D:6      | Reached skill level 5 in Dodging
  8114 | D:6      | Found a shattered altar of Ashenzari.
  8792 | D:7      | Found a sand-covered staircase.
  8809 | Ossuary  | Entered an ossuary
  9162 | Ossuary  | Reached XP level 10. HP: 54/58 MP: 17/19
  9183 | Ossuary  | Reached ** piety under Sif Muna
  9751 | Ossuary  | Gained mutation: You evolve. [potion of mutation]
  9751 | Ossuary  | Gained mutation: You tend to lose your temper in combat. [potion of mutation]
  9751 | Ossuary  | Gained mutation: Your mind is acute. (Int +2) [potion of mutation]
 10315 | D:7      | Gained mutation: You have very sharp teeth. [mutagenic meat]
 11163 | D:8      | Reached skill level 1 in Short Blades
 11182 | D:8      | Noticed Goblin1989's ghost (novice GnFi)
 11339 | D:8      | Noticed a two-headed ogre
 11343 | D:8      | Noticed a two-headed ogre
 11436 | D:8      | Killed a two-headed ogre
 11436 | D:8      | Reached *** piety under Sif Muna
 11436 | D:8      | Reached skill level 7 in Spellcasting
 11453 | D:8      | Killed a two-headed ogre
 11587 | D:9      | Found a white marble altar of Elyvilon.
 12251 | D:9      | Upgraded the game from 0.21-a0-338-g36cf2fc to 0.21-a0-344-g2144152
 12756 | D:10     | Entered Level 10 of the Dungeon
 12756 | D:10     | Noticed a cyclops
 13170 | D:8      | Reached XP level 11. HP: 55/62 MP: 10/22
 13172 | D:8      | Found a staircase to the Lair.
 13233 | D:8      | Lost mutation: You tend to lose your temper in combat. [evolution]
 13263 | Lair:1   | Entered Level 1 of the Lair of Beasts
 13831 | Lair:1   | Reached skill level 10 in Conjurations
 13882 | Lair:1   | Reached skill level 5 in Shields
 14326 | Lair:1   | Reached skill level 8 in Spellcasting
 14372 | Lair:1   | Reached **** piety under Sif Muna
 14456 | Lair:1   | Gained mutation: You are clumsy. (Dex -2) [evolution]
 15081 | Lair:1   | Gained mutation: You are robust. (+10% HP) [evolution]
 15726 | Lair:2   | Reached ***** piety under Sif Muna
 15728 | Lair:2   | Reached XP level 12. HP: 48/74 MP: 14/24
 16022 | Lair:2   | Noticed a catoblepas
 17245 | D:10     | Reached skill level 9 in Spellcasting
 17259 | D:10     | Identified Sif Muna's Almanac of Floating Evil (Sif Muna gifted it to you on level 10 of the Dungeon)
 17259 | D:10     | Received a gift from Sif Muna
 17270 | D:9      | Learned a level 6 spell: Freezing Cloud
 17631 | D:10     | Reached skill level 1 in Ice Magic
 18666 | D:11     | Noticed a two-headed ogre
 18678 | D:11     | Killed a two-headed ogre
 19262 | D:9      | Lost mutation: You are clumsy. (Dex -2) [evolution]
 19453 | D:10     | Learned a level 5 spell: Dispel Undead
 19525 | D:10     | Reached skill level 5 in Ice Magic
 19732 | D:10     | Reached skill level 5 in Air Magic
 20236 | D:8      | Killed Goblin1989's ghost
 20236 | D:8      | Reached skill level 1 in Necromancy
 20517 | D:8      | Gained mutation: You have an increased reservoir of magic. (+10% MP) [evolution]
 20517 | D:8      | Lost mutation: You evolve. [end of evolution]
 20531 | D:8      | Found a sacrificial altar of Ru.
 20625 | D:8      | Found a burning altar of Makhleb.
 21266 | Lair:2   | Received a gift from Sif Muna
 21266 | Lair:2   | Reached XP level 13. HP: 79/79 MP: 24/28
 21269 | Lair:2   | Identified Widol's Collected Works on Entrancing Attacks (Sif Muna gifted it to you on level 2 of the Lair of Beasts)
 21357 | Lair:2   | Killed a catoblepas
 21879 | Lair:2   | Found a hole to the Spider Nest.
 22555 | Lair:3   | Found a staircase to the Shoals.
 22618 | Lair:3   | Noticed nono's ghost (journeyman KoCj)
 22631 | Lair:3   | Killed nono's ghost
 22631 | Lair:3   | Reached skill level 5 in Necromancy
 24287 | Lair:4   | Identified Sif Muna's Volume of Snow and Malediction (Sif Muna gifted it to you on level 4 of the Lair of Beasts)
 24287 | Lair:4   | Received a gift from Sif Muna
 24295 | Lair:4   | Learned a level 4 spell: Summon Ice Beast
 24827 | Lair:4   | Noticed a four-headed hydra
 24833 | Lair:4   | Killed a four-headed hydra
 24877 | Lair:4   | Noticed an eight-headed hydra
 24885 | Lair:4   | Killed an eight-headed hydra
 25213 | Lair:4   | Reached XP level 14. HP: 60/83 MP: 12/29
 25790 | Lair:5   | Noticed Josephine
 25799 | Lair:5   | Killed Josephine
 25883 | Lair:5   | Noticed Snorg
 25892 | Lair:5   | Killed Snorg
 26714 | Lair:5   | Reached skill level 1 in Invocations
 26831 | Lair:6   | Entered Level 6 of the Lair of Beasts
 27622 | Lair:6   | Found a staircase to the Slime Pits.
 27800 | Lair:6   | Reached skill level 10 in Spellcasting
 27804 | Lair:6   | Reached skill level 10 in Air Magic
 27813 | Lair:6   | Reached skill level 10 in Ice Magic
 28074 | Lair:6   | Received a gift from Sif Muna
 28332 | Lair:6   | Noticed a dire elephant
 28345 | Lair:6   | Killed a dire elephant
 28419 | Lair:6   | Noticed a dire elephant
 28432 | Lair:6   | Killed a dire elephant
 28597 | Lair:6   | Found a burning altar of Makhleb.
 28806 | Lair:6   | Reached XP level 15. HP: 89/89 MP: 10/32
 28833 | Lair:6   | Found a gateway to Hell.
 29130 | D:12     | Learned a level 5 spell: Bolt of Magma
 29156 | D:12     | Reached skill level 11 in Spellcasting
 29247 | D:12     | Found a white marble altar of Elyvilon.
 29306 | D:12     | Reached skill level 5 in Invocations
 29420 | D:12     | Found a frozen archway.
 29469 | IceCv    | Entered an ice cave
 31168 | IceCv    | Noticed a reaper
 31223 | IceCv    | Killed a reaper
 32783 | D:12     | Identified Pudos's Compendium of Stolen Souls and Cold (Sif Muna gifted it to you on level 12 of the Dungeon)
 32783 | D:12     | Received a gift from Sif Muna
 32964 | D:12     | Reached skill level 1 in Armour
 33312 | Lair:2   | Learned a level 6 spell: Ozocubu's Refrigeration
 33317 | Lair:2   | Learned a level 4 spell: Throw Icicle
 33388 | D:10     | Found a staircase to the Orcish Mines.
 33455 | Orc:1    | Entered Level 1 of the Orcish Mines
 33482 | Orc:1    | Noticed Harold
 33505 | Orc:1    | Killed Harold
 33667 | Orc:2    | Entered Level 2 of the Orcish Mines
 33712 | Orc:2    | Reached skill level 12 in Spellcasting
 33734 | Orc:2    | Found a flickering gateway to a bazaar.
 33734 | Orc:2    | Noticed Erolcha
 33755 | Orc:2    | Killed Erolcha
 33798 | Bazaar   | Entered a bazaar
 33852 | Bazaar   | Found Dyrit's Distillery.
 33883 | Bazaar   | Found Dumel's Armour Shop.
 33884 | Bazaar   | Found Lyw Noa's Armour Emporium.
 33887 | Bazaar   | Bought a +0 cloak of poison resistance for 68 gold pieces
 33900 | Bazaar   | Found Saicsix's Distillery.
 33908 | Bazaar   | Bought a potion of haste for 90 gold pieces
 33908 | Bazaar   | Bought a potion of invisibility for 72 gold pieces
 33908 | Bazaar   | Bought a potion of heal wounds for 45 gold pieces
 33908 | Bazaar   | Bought a potion of ambrosia for 72 gold pieces
 33908 | Bazaar   | Bought 2 potions of haste for 180 gold pieces
 33908 | Bazaar   | Bought a potion of cancellation for 72 gold pieces
 33943 | Bazaar   | Bought a potion of heal wounds for 55 gold pieces
 33943 | Bazaar   | Bought a potion of curing for 33 gold pieces
 33943 | Bazaar   | Bought a potion of mutation for 88 gold pieces
 33943 | Bazaar   | Bought a potion of heal wounds for 55 gold pieces
 33943 | Bazaar   | Bought a potion of mutation for 88 gold pieces
 34364 | Orc:2    | Noticed an orc warlord
 34374 | Orc:2    | Killed an orc warlord
 34697 | Orc:2    | Noticed an orc warlord
 34699 | Orc:2    | Found a roughly hewn altar of Beogh.
 34699 | Orc:2    | Found Vadece's Antique Weapon Shop.
 34729 | Orc:2    | Killed an orc warlord
 34982 | Orc:2    | Found Kaphum's Antique Armour Boutique.
 35085 | Orc:2    | Found a staircase to the Elven Halls.
 35101 | Orc:2    | Found a roughly hewn altar of Beogh.
 35208 | Orc:2    | Reached XP level 16. HP: 13/94 MP: 26/35
 35368 | Orc:2    | Found a roughly hewn altar of Beogh.
 35517 | Orc:2    | Found a roughly hewn altar of Beogh.
 35640 | Orc:2    | Found a roughly hewn altar of Beogh.
 35703 | Orc:2    | Found a roughly hewn altar of Beogh.
 35709 | Orc:2    | Got a dazzling scimitar {flame}
 35710 | Orc:2    | Identified the +8 scimitar of Crawling {flame, Str+2} (You took it off an orc warrior on level 2 of the Orcish Mines)
 35737 | Orc:2    | Found a roughly hewn altar of Beogh.
 35859 | Orc:2    | Found a roughly hewn altar of Beogh.
 35871 | Orc:2    | Found Ufiazuk's Antique Armour Shoppe.
 35999 | Orc:2    | Bought a shiny buckler for 195 gold pieces
 35999 | Orc:2    | Bought a pair of runed boots for 195 gold pieces
 36015 | Orc:2    | Identified a +0 pair of boots of running (You bought it in a shop on level 2 of the Orcish Mines)
 36116 | Orc:2    | Found a roughly hewn altar of Beogh.
 36179 | Orc:2    | Found Foebeda's Book Shoppe.
 36683 | D:13     | Identified Sif Muna's Catalogue of Entrancing Translocation (Sif Muna gifted it to you on level 13 of the Dungeon)
 36683 | D:13     | Received a gift from Sif Muna
 37109 | D:13     | Found a gate to the Vaults.
 37248 | D:13     | Found a white marble altar of Elyvilon.
 37480 | D:14     | Noticed Frances
 37493 | D:14     | Killed Frances
 37707 | D:14     | Reached skill level 13 in Spellcasting
 38132 | D:14     | You fall through a shaft!
 38132 | D:15     | Entered Level 15 of the Dungeon
 38330 | D:15     | Found Bakikeod's Gadget Emporium.
 38409 | D:15     | Noticed Urug
 38414 | D:15     | Killed Urug
 38452 | D:15     | Paralysed by an orc sorcerer for 3 turns
 38569 | D:15     | Found a staircase to the Depths.
 38572 | D:15     | Reached skill level 1 in Long Blades
 38693 | D:15     | Found a snail-covered altar of Cheibriados.
 38815 | D:15     | Identified a scroll of acquirement
 38816 | D:15     | Got a dazzling plate armour
 38817 | D:15     | Identified the +12 plate armour of Grace {MR+} (You acquired it on level 15 of the Dungeon)
 39445 | Spider:1 | Entered Level 1 of the Spider Nest
 39856 | Spider:1 | Identified Sif Muna's Guide on Excruciating Weightlessness (Sif Muna gifted it to you on level 1 of the Spider Nest)
 39856 | Spider:1 | Received a gift from Sif Muna
 39856 | Spider:1 | Reached skill level 14 in Spellcasting
 40376 | Spider:1 | Reached XP level 17. HP: 70/99 MP: 32/38
 41936 | Shoals:1 | Entered Level 1 of the Shoals
 42153 | Shoals:1 | Reached skill level 15 in Spellcasting
 42943 | Shoals:1 | Received a gift from Sif Muna
 42944 | Shoals:1 | Identified Sif Muna's Catalogue of Unholy Conjuration (Sif Muna gifted it to you on level 1 of the Shoals)
 43231 | Shoals:1 | Noticed a kraken
 43241 | Shoals:1 | Killed a kraken
 44182 | Shoals:2 | Reached skill level 15 in Conjurations
 44598 | Shoals:2 | Reached XP level 18. HP: 32/105 MP: 16/41
 44796 | Shoals:2 | Learned a level 6 spell: Simulacrum
 44856 | Shoals:2 | Noticed a kraken
 44865 | Shoals:2 | Killed a kraken
 45255 | Shoals:3 | Identified Sif Muna's Handbook of Quantum Poisoning (Sif Muna gifted it to you on level 3 of the Shoals)
 45255 | Shoals:3 | Received a gift from Sif Muna
 45908 | Shoals:3 | Found Gotaf Fog's Antique Armour Shoppe.
 45922 | Shoals:3 | Bought an ichor-stained ring mail for 225 gold pieces
 45948 | Shoals:3 | Identified the +2 ring mail of Absence {MP+9 Dex+6} (You bought it in a shop on level 3 of the Shoals)
 46025 | Shoals:4 | Entered Level 4 of the Shoals
 46374 | Shoals:4 | Reached skill level 16 in Spellcasting
 46783 | Shoals:4 | Got an ichor-stained rapier
 46787 | Shoals:4 | Identified the +11 rapier of the Key {venom, +Rage Int-5 SInv} (You found it on level 4 of the Shoals)
 46813 | Shoals:4 | Noticed Ilsuiw
 46917 | Shoals:4 | Killed from afar by a merfolk aquamancer

Vault maps used:
D:1:      eino_arrival_water_star
D:2:      old_standard_altar, uniq_crazy_yiuf_cottage
D:3:      grunt_temple_overflow_forces_of_nature, first_bread,
          kennysheep_generic_room_9
D:4:      grunt_gozag_breadcrumbs, temple_statues, minivault_26,
          corner_web_ring, st_stairs_5
D:5:      uniq_eustachio, uniq_sigmund, uniq_edmund
D:6:      nicolae_overflow_hidden_temple, portal_sewer_entry_f, serial_shops,
          nicolae_shop_behind_doors, minmay_stone_trees_medium
D:7:      serial_glass, glass_columns_b, glass_columns_a, glass_columns_a,
          glass_columns_a, glass_columns_c, glass_columns_b, glass_columns_b,
          glass_columns_c, nicolae_ossuary_entry_catacombs
D:8:      kennysheep_mini, makhleb_grotto_becter, dpeg_oklobed_lair,
          david_nohive_1
D:9:      basic_altar
D:10:     hiddenorc1_lemuel, serial_glass, glass_columns_b, glass_columns_a,
          due_unseen_surprise
D:11:     minmay_door_square
D:12:     evilmike_diamond_2, basic_altar, portal_ice_cave_entry_ice_beasts,
          roderic_batcave
D:13:     david_vaults_1, basic_altar
D:14:     minmay_misc_feat_square, uniq_frances
D:15:     grunt_enter_depths_magical_seal, wad_floor_pattern_2, serial_shops,
          shop, cheibriados_altar_1, uniq_urug
Temple:   regret_index_temple_generic_petals
Lair:2:   nicolae_spider_entry_tight_spaces, beast_lair_carwin_5
Lair:3:   minmay_shoals_entry_centaurs, serial_bayou_shore_a,
          minmay_lair_oklob_chamber, lemuel_fruit_tree,
          infiniplex_staircase_pool
Lair:4:   serial_bayou_lagoon_a
Lair:5:   uniq_snorg, uniq_josephine
Lair:6:   evil_forest, minmay_slime_entry_pillars
Shoals:2: nicolae_shoals_undead_eyrie
Shoals:3: serial_shops, nicolae_shop_overgrown_old_shop,
          nicolae_shoals_water_shrine
Shoals:4: shoals_end_grunt_ice, shoal_ilsuiw, nicolae_shoals_loop_pool
Spider:1: nicolae_spider_circle_web
Spider:2: nicolae_spider_corner
Orc:1:    trog_book, uniq_nergalle, uniq_gastronok, uniq_harold
Orc:2:    grunt_orc_community_town_hall, grunt_orc_community_big_house_2,
          grunt_orc_community_big_house_2, grunt_orc_community_house_1,
          grunt_orc_community_house_2, grunt_orc_community_house_2,
          grunt_orc_community_house_1, grunt_orc_community_house_3,
          grunt_orc_community_house_3, serial_shops, bzr_entry_water,
          elf_legates, uniq_erolcha
Bazaar:   bazaar_kb_twisted_cavern
Sewer:    sewer_co_scattered_pipes
Ossuary:  ossuary_zaba_flooded
IceCv:    ice_cave_small_demon

Skill      XL: |  1  2  3  4  5  6  7  8  9 10 11 12 13 14 15 16 17 18 |
---------------+-------------------------------------------------------+-----
Conjurations   | 2 3 4 5 6 8 9 11 12 13 15 | 15.8
Spellcasting   | 4 5 6 7 8 9 10 12 14 15 16 | 16.1
Air Magic      | 1 2 6 9 10 11 | 11.3
Poison Magic   | 1 2 |  2.5
Fighting       | 2 4 |  4.9
Dodging        | 4 5 6 7 |  7.3
Shields        | 2 3 4 5 6 |  6.2
Short Blades   | 3 4 |  4.1
Ice Magic      | 6 8 10 11 | 11.3
Necromancy     | 2 6 |  6.1
Invocations    | 4 6 8 |  8.0
Armour         | 2 |  2.4
Long Blades    | 3 4 |  4.0
Stealth        | |  2.6
Summonings     | |  1.9
Translocations | |  1.0

Action                   |  1- 3 |  4- 6 |  7- 9 | 10-12 | 13-15 | 16-18 || total
-------------------------+-------+-------+-------+-------+-------+-------++-------
Melee: Club              |     8 |       |       |       |       |       ||     8
       Dagger            |    11 |    68 |   120 |       |       |       ||   199
       Short sword       |       |       |    85 |   404 |       |       ||   489
       Bite              |       |       |       |    26 |    39 |    27 ||    92
       Whip              |       |       |       |    76 |   207 |       ||   283
       Quick blade       |       |       |       |       |   239 |    24 ||   263
       Scimitar          |       |       |       |       |       |   204 ||   204
 Cast: Magic Dart        |    52 |   102 |   354 |   879 |   241 |    14 ||  1642
       Mephitic Cloud    |       |    21 |    36 |   102 |     8 |     3 ||   170
       Call Imp          |       |       |    30 |    42 |       |       ||    72
       Freezing Cloud    |       |       |       |     9 |   175 |   218 ||   402
       Blink             |       |       |       |       |     4 |     1 ||     5
       Summon Ice Beast  |       |       |       |       |    50 |    17 ||    67
       Dispel Undead     |       |       |       |       |    20 |    18 ||    38
       Bolt of Magma     |       |       |       |       |    57 |     1 ||    58
       Throw Icicle      |       |       |       |       |     9 |   154 ||   163
       Ozocubu's Refrige |       |       |       |       |       |     5 ||     5
       Simulacrum        |       |       |       |       |       |     4 ||     4
Invok: Forget Spell      |       |       |       |       |     1 |       ||     1
       Channel Magic     |       |       |       |       |     1 |     3 ||     4
Evoke: Wand              |       |       |       |       |     8 |       ||     8
  Use: Potion            |       |     2 |       |    18 |     3 |     4 ||    27
       Scroll            |       |       |    12 |     1 |     9 |    15 ||    37
 Stab: Sleeping          |     2 |     1 |       |     5 |     1 |     1 ||    10
       Confused          |       |     5 |     8 |    15 |     1 |       ||    29
       Distracted        |       |       |     2 |       |       |       ||     2
  Eat: Chunk             |    10 |    10 |    15 |    44 |    93 |    69 ||   241
       Royal jelly       |       |       |       |       |     5 |       ||     5
Armor: Robe              |     1 |    13 |    38 |    97 |    19 |       ||   168
       Skin              |       |       |       |    10 |       |       ||    10
       Troll leather arm |       |       |       |       |    15 |    96 ||   111
Dodge: Dodged            |    14 |    62 |   149 |   474 |   337 |   356 ||  1392
Block: Buckler           |       |       |    22 |   149 |   140 |   191 ||   502
       Reflection        |       |       |       |       |       |    20 ||    20
       Rpst.: Scimitar   |       |       |       |       |       |    60 ||    60

Table legend:
 A = Spawn XP
 B = Non-spawn XP
 C = Spawn XP percentage of total XP
 D = Spawn monster count
 E = Non-spawn monster count
 F = Spawn count percentage of total count
 G = Total turns spent on level
                    A         B        C        D         E        F      G
               +---------+---------+-------+---------+---------+-------+---------
         Total |       0 |  241612 |   0.0 |       0 |    1092 |   0.0 | 46917
               +---------+---------+-------+---------+---------+-------+---------
           D:1 |       0 |      38 |   0.0 |       0 |      19 |   0.0 |  1007
           D:2 |       0 |     164 |   0.0 |       0 |      23 |   0.0 |  2032
           D:3 |       0 |     331 |   0.0 |       0 |      23 |   0.0 |  1182
           D:4 |       0 |     317 |   0.0 |       0 |      13 |   0.0 |   867
           D:5 |       0 |    1447 |   0.0 |       0 |      30 |   0.0 |  1015
           D:6 |       0 |    1025 |   0.0 |       0 |      31 |   0.0 |  1427
           D:7 |       0 |     913 |   0.0 |       0 |      19 |   0.0 |  1434
           D:8 |       0 |    4362 |   0.0 |       0 |      45 |   0.0 |  1719
           D:9 |       0 |     698 |   0.0 |       0 |      27 |   0.0 |  2210
          D:10 |       0 |    3193 |   0.0 |       0 |      41 |   0.0 |  1894
          D:11 |       0 |    3017 |   0.0 |       0 |      24 |   0.0 |  1373
          D:12 |       0 |   13147 |   0.0 |       0 |      67 |   0.0 |  1206
          D:13 |       0 |    8516 |   0.0 |       0 |      27 |   0.0 |  1169
          D:14 |       0 |    7951 |   0.0 |       0 |      19 |   0.0 |   874
          D:15 |       0 |   11978 |   0.0 |       0 |      20 |   0.0 |   935
        Lair:1 |       0 |    6293 |   0.0 |       0 |      35 |   0.0 |  3121
        Lair:2 |       0 |    9678 |   0.0 |       0 |      45 |   0.0 |  2039
        Lair:3 |       0 |    9071 |   0.0 |       0 |      38 |   0.0 |  2014
        Lair:4 |       0 |    5094 |   0.0 |       0 |      17 |   0.0 |  1381
        Lair:5 |       0 |    6038 |   0.0 |       0 |      23 |   0.0 |  1549
        Lair:6 |       0 |   20946 |   0.0 |       0 |      67 |   0.0 |  1726
      Shoals:1 |       0 |   16403 |   0.0 |       0 |      36 |   0.0 |  1406
      Shoals:2 |       0 |   22366 |   0.0 |       0 |      46 |   0.0 |  1601
      Shoals:3 |       0 |   14286 |   0.0 |       0 |      31 |   0.0 |  1035
      Shoals:4 |       0 |   18104 |   0.0 |       0 |      34 |   0.0 |   820
      Spider:1 |       0 |   16799 |   0.0 |       0 |      56 |   0.0 |  1491
      Spider:2 |       0 |   15395 |   0.0 |       0 |      36 |   0.0 |   921
         Orc:1 |       0 |    1585 |   0.0 |       0 |       8 |   0.0 |   222
         Orc:2 |       0 |   16621 |   0.0 |       0 |     114 |   0.0 |  2385
         Sewer |       0 |      54 |   0.0 |       0 |      20 |   0.0 |   706
       Ossuary |       0 |     699 |   0.0 |       0 |      36 |   0.0 |  1026
         IceCv |       0 |    5083 |   0.0 |       0 |      22 |   0.0 |  2681
               +---------+---------+-------+---------+---------+-------+---------
